 Dungeon Crawl Stone Soup version 0.27.1-34-g3ba077fa99 (webtiles) character file.

Game seed: 16326451161504421784

48 unlimited1921 the Skirmisher (level 3, -5/40 HPs)
             Began as an Ogre Fighter on Jan 3, 2022.
             Killed from afar by Natasha (10 damage)
             ... with a puff of flame
             ... on level 2 of the Dungeon.
             The game lasted 00:03:28 (1209 turns).

unlimited1921 the Skirmisher (Ogre Fighter)         Turns: 1209, Time: 00:03:28

Health: -5/40      AC:  4    Str: 21    XL:     3   Next: 72%
Magic:  3/3        EV:  8    Int:  9    God:
Gold:   27         SH:  8    Dex:  8    Spells: 2/2 levels left

rFire    . . .     SeeInvis .   a - +1 war axe
rCold    . . .     Faith    .   c - +0 kite shield
rNeg     . . .     Spirit   .   b - +0 robe
rPois    .         Reflect  .   (helmet restricted)
rElec    .         Harm     .   i - +0 cloak
rCorr    .         Rampage  .   (gloves unavailable)
Will     .....                  (boots unavailable)
Stlth    +.........             (no amulet)
HPRegen  0.13/turn              (no ring)
MPRegen  0.08/turn              (no ring)

@: slowed, very slow
A: large, unfitting armour, tough skin 1
a: no special abilities


You were on level 2 of the Dungeon.
You visited 1 branch of the dungeon, and saw 2 of its levels.

You collected 27 gold pieces.

Inventory:

Hand Weapons
 a - a +1 war axe (weapon)
 q - a +0 scimitar
Missiles
 n - 9 poisoned darts (quivered)
Armour
 b - a +0 robe (worn)
 c - a +0 kite shield (worn)
 i - a +0 cloak (worn)
Scrolls
 e - a scroll of magic mapping {unknown}
 f - a scroll of silence {unknown}
 g - a scroll of torment {unknown}
 h - a scroll of amnesia {unknown}
 j - a scroll of brand weapon {unknown}
 k - a scroll of enchant armour {unknown}
 l - a scroll of enchant weapon
 o - a scroll of noise {unknown}
 p - a scroll of identify {unknown}
Potions
 d - a potion of might
 m - a potion of berserk rage {unknown}


   Skills:
 + Level 4.6 Fighting
 + Level 2.8 Axes
 + Level 3.1 Dodging
 + Level 3.0 Shields


You had 2 spell levels left.
You didn't know any spells.
Your spell library contained the following spells:

 Spells                   Type           Power      Damage    Failure   Level
 Corona                   Hex            0%         N/A       83%         1
 Ensorcelled Hibernation  Hex/Ice        0%         N/A       92%         2
 Tukima's Dance           Hex            0%         N/A       99%         3


Dungeon Overview and Level Annotations

Branches:
Dungeon (2/15)

Altars:

Annotations:
D:2 Natasha


Innate Abilities, Weirdness & Mutations

You are too large for most types of armour.
You have tough skin. (AC +1)


Message History

The ball python bites you but does no damage.
You block the ball python's attack.
Natasha zaps a wand.
The puff of flame misses you.
You closely miss the ball python.
The ball python is moderately wounded.
The ball python bites you but does no damage.
Natasha stares at you and mumbles some strange words.
The magic dart hits you.
The ball python bites you but does no damage.
You hit the ball python.
You kill the ball python!
Natasha closely misses you.
You closely miss Natasha. You block Natasha's attack.
Natasha growls.
Natasha stares at you and mumbles some strange words.
You feel yourself slow down.
Your shield prevents you from hitting Natasha.
You block Natasha's attack.
Natasha zaps a wand.
The puff of flame misses you.
You hit Natasha.
Natasha is heavily wounded.
You block Natasha's attack.
Natasha zaps a wand.
The puff of flame hits you!
You are too injured to fight recklessly!
You are too injured to fight recklessly!
You are too injured to fight recklessly!
Throw: 10 darts (poison)
Press: ? - help, Q - select action Shift-Dir - straight line, f - Natasha
Aim: Natasha, carrying a wand of flame (7) (heavily wounded, 47% to hit)
You throw a poisoned dart. The poisoned dart hits Natasha.
Natasha is poisoned.
Natasha is heavily wounded.
Natasha zaps a wand.
The puff of flame hits you.
* * * LOW HITPOINT WARNING * * *
Natasha mumbles some strange words.
Natasha glows brightly for a moment.
Natasha casts a spell at you. The magic dart hits you.
* * * LOW HITPOINT WARNING * * *
Natasha casts a spell at you. You resist with some effort.
Natasha zaps a wand.
The puff of flame hits you!
You die...

#### ....>$. ##.. #....
....... ##... #....#
......# ....#
####.....##..#..##..##
...#..... ...#..)....##.
...# #... #..#..†..#....
...# #...##.##(#..#.....
...###.#<.#...h#........
....##.##...$...@...?...
..........#.............
....#...#.######........
.......†....# #........
....(..#..##..##........
......#†.#.###$#.>......
......†)#.#.# #.#...###
.....#.....## ###.#..
.........###


You could see Natasha (poisoned).

Vanquished Creatures
  2 adders (D:2)
  4 ball pythons
  4 endoplasms
  A giant cockroach (D:1)
  A goblin (D:1)
  4 hobgoblins
  A jackal (D:2)
  A kobold (D:2)
  A quokka (D:1)
  6 bats (D:1)
  4 rats
29 creatures vanquished.

Vanquished Creatures (others)
  A plant (D:1)
1 creature vanquished.

Grand Total: 30 creatures vanquished

Notes
Turn   | Place    | Note
-------+----------+-------------------------------------------
     0 | D:1      | unlimited1921 the Ogre Fighter began the quest for the Orb.
     0 | D:1      | Reached XP level 1. HP: 24/24 MP: 1/1
   260 | D:1      | Reached XP level 2. HP: 27/33 MP: 2/2
  1029 | D:2      | Reached XP level 3. HP: 40/40 MP: 3/3
  1192 | D:2      | Noticed Natasha
  1209 | D:2      | Killed from afar by Natasha

Illustrated notes

Levels and vault maps discovered:
D:1:      shiori_arrival_oz, layout_loops_ring, serial_bayou,
          serial_bayou_pond_d, serial_bayou_pond_e, serial_bayou_crossing,
          serial_bayou_shore_b, minmay_tromino_v4_b
D:2:      layout_rooms, basic_altar, grunt_ministairs_3,
          minmay_misc_feat_secret_circle, minmay_increasing_density,
          uniq_jessica, uniq_natasha, uniq_sigmund

Skill      XL: |  1  2  3 |
---------------+----------+-----
Dodging        | 3 |  3.1
Shields        | 3 |  3.0
Fighting       | |  4.6
Axes           | |  2.8

Action                   || total
-------------------------++-------
Melee: War axe           ||    59
Throw: Dart              ||     1
  Use: Scroll            ||     1
Armor: Robe              ||    29
Dodge: Dodged            ||    21
Block: Kite shield       ||    33
